 Dungeon Crawl Stone Soup version 0.31-a0-200-gbc41564c69 (webtiles) character file.

Game seed: 13863157923399891227

90 qw the Shooter (level 4, 0/25 HPs)
             Began as a Deep Elf Hunter on June 25, 2023.
             Slain by an adder (2 damage)
             ... on level 3 of the Dungeon.
             The game lasted 00:00:40 (1498 turns).

qw the Shooter (Deep Elf Hunter)                    Turns: 1498, Time: 00:00:41

Health: 0/25       AC:  5    Str: 10    XL:     4   Next: 32%
Magic:  6/6        EV: 11    Int: 14    God:
Gold:   87         SH:  0    Dex: 18    Spells: 3/3 levels left

rFire   . . .        Y - +0 shortbow
rCold   . . .        (shield currently unavailable)
rNeg    . . .        a - +0 ring mail
rPois   .            (no helmet)
rElec   .            (no cloak)
rCorr   .            (no gloves)
SInv    +            (no boots)
Will    .....        (no amulet)
Stlth   +            m - ring of see invisible
HPRegen 0.24/turn    (no ring)
MPRegen 0.10/turn

%: no passive effects
@: lethally poisoned (0 -> -1)
A: no striking features
a: no special abilities


You were on level 3 of the Dungeon.
You visited 1 branch of the dungeon, and saw 3 of its levels.

You collected 87 gold pieces.


   Skills:
 - Level 1.5 Fighting
 + Level 7.7 Ranged Weapons
 - Level 2.4 Dodging
 - Level 1.2 Stealth


You had 3 spell levels left.
You didn't know any spells.
Your spell library was empty.

Inventory:

Hand Weapons
 Y - a +0 shortbow (weapon)
Armour
 a - a +0 ring mail (worn)
Jewellery
 m - a ring of see invisible (left hand)
Potions
 b - a potion of resistance {unknown}
 d - a potion of curing {unknown}
 f - 2 potions of berserk rage {unknown}
 j - 2 potions of enlightenment {unknown}
 l - a potion of might {unknown}

Dungeon Overview and Level Annotations

Branches:
Dungeon (3/15)

Altars:
Nemelex Xobeh


Message History

The adder barely misses you. x2; The adder closely misses you.
You shoot an arrow. The arrow hits the adder.
The adder is almost dead.
The adder closely misses you. The adder bites you but does no damage.
The adder barely misses you.
You shoot an arrow.
The arrow hits the adder but does no damage.
The adder is almost dead.
The adder bites you but does no damage. x2
You shoot an arrow. The arrow completely misses the adder.
The adder bites you.
You are poisoned.
The adder poisons you! The adder barely misses you.
The adder bites you but does no damage. x2
You shoot an arrow. The arrow misses the adder.
You feel sick. The adder barely misses you.
The adder bites you but does no damage.
You shoot an arrow.
The arrow hits the adder but does no damage.
The adder is almost dead.
You feel sick. The adder bites you but does no damage. The adder bites you.
The adder closely misses you. x2
You shoot an arrow. The arrow misses the adder.
You feel sick.
You are no longer poisoned.
The adder bites you but does no damage. The adder barely misses you.
You shoot an arrow. The arrow misses the adder.
The adder closely misses you. The adder bites you.
You are poisoned.
The adder poisons you! The adder misses you. The adder bites you.
You shoot an arrow. The arrow hits the adder.
The adder is almost dead.
You feel sick. The adder bites you. The adder closely misses you.
You shoot an arrow. The arrow hits the adder!
You kill the adder!
You feel sick. The adder bites you but does no damage.
The adder closely misses you.
You shoot an arrow. The arrow closely misses the adder.
You feel sick. The adder bites you.
You die...

...#.#.........#..#..#.# ##.#.#
...............<.....#.###..#.#
..............................#
...#.#........#.#.........#...#
..........#..###############).#
.........##### .... ..#
...#.##...#..######... ..#
..)...........#.#..#..# ..#
................@S..# .##
..................).#
.............####..#..#
...>..#..#.## ##....#
........#### ... . .##.... ###
..... #...


You could see an adder.

Vanquished Creatures
  4 adders (D:3)
  A worm (D:2)
  3 bats
  6 endoplasms
  A giant cockroach (D:1)
  6 goblins
  5 hobgoblins
  6 jackals
  A kobold (D:3)
  4 quokkas
  6 frilled lizards
  5 rats
48 creatures vanquished.

Notes
Turn   | Place    | Note
-------+----------+-------------------------------------------
     0 | D:1      | qw the Deep Elf Hunter began the quest for the Orb.
     0 | D:1      | Reached XP level 1. HP: 12/12 MP: 3/3
     0 | D:1      | 0 ||| qw: Version: 0.3-a-22-g0ed2b0b
     0 | D:1      | 0 ||| qw: Game counter: 5595
     0 | D:1      | 0 ||| qw: Melee chars always use a shield: true
     0 | D:1      | 0 ||| qw: God list: Okawaru
     0 | D:1      | 0 ||| qw: Allow faded altars: false
     0 | D:1      | 0 ||| qw: Do Orc after clearing Dungeon:15 true
     0 | D:1      | 0 ||| qw: Do second Lair branch before Depths: true
     0 | D:1      | 0 ||| qw: Lair rune preference: random
     0 | D:1      | 0 ||| qw: Goals: Normal
     0 | D:1      | 0 ||| PLANNING D:1-11
   125 | D:1      | Reached XP level 2. HP: 16/16 MP: 4/4
   141 | D:1      | Reached skill level 6 in Ranged Weapons
   663 | D:1      | 663 ||| UPGRADING to ring of see invisible.
   664 | D:1      | 664 ||| READING scroll labelled RAAZYNL FICYOHO.
   665 | D:1      | 665 ||| READING scroll labelled ZIUMOWN SIODGHU.
   666 | D:1      | 666 ||| READING scroll labelled TITE ORHEUBYARR.
   694 | D:1      | 694 ||| READING scroll labelled APLINL TECVI.
   698 | D:1      | 698 ||| READING scroll labelled JOTHUMP DOIH.
   699 | D:1      | 699 ||| DROPPING scroll of butterflies.
   728 | D:2      | Reached XP level 3. HP: 20/20 MP: 5/5
  1040 | D:2      | Found a sparkling altar of Nemelex Xobeh.
  1111 | D:2      | 1111 ||| FLEEEEING.
  1113 | D:2      | 1113 ||| FLEEEEING.
  1114 | D:2      | 1114 ||| STAIRDANCE
  1135 | D:1      | 1135 ||| UPGRADING to +0 ring mail.
  1145 | D:1      | 1145 ||| DROPPING +0 leather armour.
  1146 | D:1      | 1146 ||| READING scroll labelled MIGRUY JEOSK.
  1172 | D:2      | Reached skill level 7 in Ranged Weapons
  1295 | D:2      | 1295 ||| READING scroll labelled YNY BIZXOY.
  1434 | D:3      | Reached XP level 4. HP: 21/25 MP: 6/6
  1496 | D:3      | HP: 5/25 [poisoned by an adder]
  1497 | D:3      | HP: 2/25 [poisoned by an adder]
  1498 | D:3      | Slain by an adder

Levels and vault maps discovered:
D:1:      minmay_arrival_open_corners, layout_loops_cross,
          corexii_leaking_fountain, serial_bayou_lake_a
D:2:      layout_basic, basic_altar
D:3:      layout_basic, nicolae_half_adder

Skill      XL: |  1  2  3 |
---------------+----------+-----
Ranged Weapons | 6 7 |  7.7
Fighting       | |  1.5
Dodging        | |  2.4
Stealth        | |  1.2

Action                     |  1- 3 |  4- 6 || total
---------------------------+-------+-------++-------
   Fire: Shortbow          |   115 |    23 ||   138
    Use: Scroll            |     7 |       ||     7
 Armour: Leather armour    |     4 |       ||     4
         Ring mail         |     6 |    12 ||    18
  Dodge: Dodged            |    18 |    22 ||    40

Table legend:
 A = Non-vault XP
 B = Vault XP
 C = Vault XP percentage of total XP
 D = Non-vault monster count
 E = Vault monster count
 F = Vault count percentage of total count
                 A         B        C        D         E       F
            +---------+---------+-------+---------+---------+-------
      Total |     103 |      26 |  20.2 |      46 |       2 |   4.2
            +---------+---------+-------+---------+---------+-------
        D:1 |      38 |       0 |   0.0 |      23 |       0 |   0.0
        D:2 |      30 |       0 |   0.0 |      15 |       0 |   0.0
        D:3 |      35 |      26 |  42.6 |       8 |       2 |  20.0
            +---------+---------+-------+---------+---------+-------
